 Dungeon Crawl Stone Soup version 0.25-a0-505-gae4569222e (webtiles) character file.

Game seed: 1310677383140367975, levelgen mode: deterministic

308 kae the Chopper (level 6, -6/56 HPs)
             Began as a Hill Orc Fighter on Feb 14, 2020.
             Splashed by an oklob sapling's acid (17 damage)
             ... on level 4 of the Dungeon.
             The game lasted 00:01:52 (2268 turns).

kae the Chopper (Hill Orc Fighter)                  Turns: 2268, Time: 00:01:52

Health: -6/56      AC:  3    Str: 21    XL:     6   Next: 40%
Magic:  6/6        EV:  7    Int:  8    God:
Gold:   114        SH:  9    Dex: 10    Spells: 5/5 levels left

rFire    . . .     SeeInvis .   a - +0 war axe
rCold    . . .     Gourm    .   c - +0 kite shield
rNeg     . . .     Faith    .   b - +1 scale mail
rPois    .         Spirit   .   (no helmet)
rElec    .         Reflect  .   (no cloak)
rCorr    .         Harm     .   (no gloves)
MR       .....                  (no boots)
Stlth    ..........             (no amulet)
HPRegen  0.18/turn              (no ring)
MPRegen  0.10/turn              (no ring)

@: corroded
A: no striking features
a: no special abilities


You were on level 4 of the Dungeon.
You were not hungry.

You visited 1 branch of the dungeon, and saw 4 of its levels.

You collected 114 gold pieces.

Inventory:

Hand Weapons
 a - a +0 war axe (weapon)
Armour
 b - a +1 scale mail (worn)
 c - a +0 kite shield (worn)
Scrolls
 e - 3 scrolls of identify
 g - a scroll of remove curse
 h - a scroll of enchant weapon {unknown}
 i - a scroll of enchant armour
 k - a scroll of magic mapping {unknown}
 l - a scroll of fear {unknown}
 n - a scroll of teleportation {unknown}
Potions
 d - a potion of might
 j - 2 potions of curing {unknown}
 m - 2 potions of heal wounds {unknown}
Comestibles
 f - 9 rations


   Skills:
 + Level 5.6 Fighting
 * Level 7.2 Axes
 - Level 3.2 Armour
 - Level 3.2 Shields


You had 5 spell levels left.
You didn't know any spells.
Your spell library contained the following spells:

 Spells                   Type           Power        Failure   Level  Hunger
 Magic Dart               Conj           #...         99%         1    ##.....
 Blink                    Tloc           N/A          100%        2    ###....
 Call Imp                 Summ           #.......     100%        2    ###....
 Slow                     Hex            #.......     100%        2    ###....
 Conjure Flame            Conj/Fire      #.......     100%        3    ####...
 Mephitic Cloud           Conj/Pois/Air  #.......     100%        3    ####...


Dungeon Overview and Level Annotations

Branches:
Dungeon (4/15)             Temple (0/1) D:4

Altars:
Ashenzari
Cheibriados
Hepliaklqana
Vehumet
The Shining One

Shops:
D:4 (

Annotations:
D:4 exclusion: oklob sapling


Message History

The splash of acid misses you. The oklob sapling spits acid at you.
The splash of acid hits you.
You are splashed with acid!
You hit the oklob sapling but do no damage.
You hit the plant. You hit the plant but do no damage. You hit the plant.
The oklob sapling spits acid at you. The splash of acid hits you!
The acid corrodes you!
You are splashed with acid!
You are too injured to fight recklessly!
You are too injured to fight recklessly!
You are too injured to fight recklessly!
You are too injured to fight recklessly!
You are too injured to fight recklessly!
You are too injured to fight recklessly!
You hit the oklob sapling but do no damage.
You hit the plant but do no damage. x3
The oklob sapling spits acid at you. The splash of acid hits you!
* * * LOW HITPOINT WARNING * * *
You are splashed with acid!
You die...

# ##### .. #...# ..# ##...##
.###### ..# #.....## #.....####
.## #......######### #.........
..# ##........P.PP..###.........
..## #..........PPPP..##.........
...###........PPPPP.P.##.........
.#..##..........@>PPP.##.........
###.##..........P..P.............
# #.............PPPP.###.........
# ##.........#.P..P.P# #.........
##.......###..########........
#......## ##.................
##....## ........#####...... ###
#.................## ##..... ..#
###.....#..........## #.....


You could see an oklob sapling.

Vanquished Creatures
  An ogre (D:4)
  A scorpion (D:4)
  A jelly (D:3)
  An iguana (D:4)
  An orc wizard (D:4)
  3 adders
  An adder skeleton (D:3)
  A worm (D:2)
  A dart slug (D:2)
  5 orcs (D:4)
  A ball python (D:3)
  4 giant cockroaches (D:1)
  5 goblins
  12 hobgoblins
  6 jackals
  2 bats (D:1)
  3 frilled lizards
  8 kobolds
  6 rats
  2 plants (D:4)
65 creatures vanquished.

Notes
Turn   | Place    | Note
-------+----------+-------------------------------------------
     0 | D:1      | kae the Hill Orc Fighter began the quest for the Orb.
     0 | D:1      | Reached XP level 1. HP: 19/19 MP: 1/1
    93 | D:1      | Reached skill level 3 in Axes
    99 | D:1      | Reached XP level 2. HP: 24/27 MP: 2/2
   212 | D:1      | Reached skill level 4 in Axes
   470 | D:1      | Reached XP level 3. HP: 33/33 MP: 3/3
   913 | D:2      | Found a radiant altar of Vehumet.
  1239 | D:3      | Reached skill level 5 in Axes
  1239 | D:3      | Reached XP level 4. HP: 38/41 MP: 4/4
  1276 | D:3      | Found a shattered altar of Ashenzari.
  1572 | D:3      | Found a hazy altar of Hepliaklqana.
  1666 | D:4      | Reached XP level 5. HP: 39/47 MP: 5/5
  1697 | D:4      | Found a snail-covered altar of Cheibriados.
  1700 | D:4      | Found Sutsiergh's Weapon Shoppe.
  1700 | D:4      | Noticed an ogre
  1708 | D:4      | Killed an ogre
  1708 | D:4      | Reached skill level 5 in Fighting
  1708 | D:4      | Reached skill level 6 in Axes
  1859 | D:4      | Found a glowing golden altar of the Shining One.
  1880 | D:4      | Reached skill level 7 in Axes
  1880 | D:4      | Reached XP level 6. HP: 45/56 MP: 6/6
  2034 | D:4      | Found a shattered altar of Ashenzari.
  2247 | D:4      | Found a staircase to the Ecumenical Temple.
  2268 | D:4      | Splashed by an oklob sapling's acid

Levels and vault maps discovered:
D:1:      dpeg_arrival_line_fractal, layout_basic,
          hangedman_decor_clover_reticule
D:2:      layout_basic, nicolae_overflow_hidden_temple
D:3:      layout_basic, old_standard_altar, serial_park_tiny_pond,
          ashenzari_altar_1
D:4:      kennysheep_goblin_castle, layout_cave_pods, kennysheep_mini,
          overflow_temple_1_default, lemuel_doored_altar,
          minmay_temple_entry_oklob, serial_shops, shop_fountains, first_ration,
          uniq_robin

Skill      XL: |  1  2  3  4  5 |
---------------+----------------+-----
Axes           | 3 4 5 7 |  7.2
Fighting       | 4 5 |  5.6
Armour         | |  3.2
Shields        | |  3.2

Action                   |  1- 3 |  4- 6 || total
-------------------------+-------+-------++-------
Melee: War axe           |   110 |   104 ||   214
  Use: Scroll            |     3 |       ||     3
  Eat: Chunk             |       |     5 ||     5
Armor: Scale mail        |    74 |    32 ||   106
Dodge: Dodged            |    48 |    24 ||    72
Block: Kite shield       |    59 |    49 ||   108

Table legend:
 A = Non-vault XP
 B = Vault XP
 C = Vault XP percentage of total XP
 D = Non-vault monster count
 E = Vault monster count
 F = Vault count percentage of total count
                 A         B        C        D         E       F
            +---------+---------+-------+---------+---------+-------
      Total |     440 |       0 |   0.0 |      63 |       0 |   0.0
            +---------+---------+-------+---------+---------+-------
        D:1 |      48 |       0 |   0.0 |      27 |       0 |   0.0
        D:2 |      27 |       0 |   0.0 |       7 |       0 |   0.0
        D:3 |      76 |       0 |   0.0 |      16 |       0 |   0.0
        D:4 |     289 |       0 |   0.0 |      13 |       0 |   0.0
            +---------+---------+-------+---------+---------+-------
